 Dungeon Crawl Stone Soup version 0.31-a0-277-g31ea1f65cc (webtiles) character file.

Game seed: 2720509591229163732

69 Gelion the Changeling (level 4, -2/34 HPs)
             Began as a Demonspawn Shapeshifter on July 15, 2023.
             Slain by a scorpion (5 damage)
             ... on level 2 of the Dungeon.
             The game lasted 00:04:50 (1333 turns).

Gelion the Changeling (Demonspawn Shapeshifter)     Turns: 1333, Time: 00:04:51

Health: -2/34      AC:  3    Str: 17    XL:     4   Next: 2%
Magic:  4/4        EV: 17    Int: 10    God:
Gold:   75         SH:  0    Dex: 14    Spells: 3/3 levels left

rFire   . .          .
                       - Unarmed
rCold   . . .        (no shield)
rNeg    . . .        h - +1 toga "Victory" {*Victory Int+1 Slay+1 Clar}
rPois   .            (helmet currently unavailable)
rElec   .            (cloak currently unavailable)
rCorr   .            (gloves currently unavailable)
SInv    .            (boots currently unavailable)
Will    .....        (no amulet)
Stlth   +            j - +5 ring of evasion
HPRegen 0.25/turn    (no ring)
MPRegen 0.09/turn

%: clarity
@: lethally poisoned (-2 -> -5), beast-form
A: beast (slay +2), antennae 1, powered by death 1
a: Begin Untransformation


You were on level 2 of the Dungeon.
You were a hulking beast.
You visited 1 branch of the dungeon, and saw 2 of its levels.

You collected 75 gold pieces.

Inventory:

Armour
 h - the +1 toga "Victory" (worn) {*Victory Int+1 Slay+1 Clar}
   (You found it on level 2 of the Dungeon)

   *Victory:  When the wearer kills a threatening monster, it has a chance to
   gain +1 AC, +1 Slay, and +1 Int, capping at +7.
   When the wearer uses a scroll or a potion with a hostile monster in sight,
   its bonuses reset to +0.
   Unequipping it also resets its bonuses to +0.
   Int:       It affects your intelligence (+1).
   Slay:      It affects your accuracy & damage with ranged weapons and melee
   (+1).
   Clar:      It protects you from confusion, rage, mesmerisation and fear.
Jewellery
 j - a +5 ring of evasion (left hand)
Talismans
 c - a beast talisman
Scrolls
 f - 2 scrolls of poison
 g - a scroll of amnesia {unknown}
 i - a scroll of identify {unknown}
 k - 3 scrolls of vulnerability {unknown}
Potions
 b - a potion of lignification


   Skills:
 + Level 2.6 Fighting
 + Level 2.3 Dodging
 + Level 2.3 Unarmed Combat
 * Level 3.2 Shapeshifting


You had 3 spell levels left.
You didn't know any spells.
Your spell library contained the following spells:

 Spells                   Type           Power      Damage    Failure   Level
 Lesser Beckoning         Tloc           0%         N/A       50%         2
 Gell's Gravitas          Tloc           0%         N/A       75%         3
 Teleport Other           Tloc           0%         N/A       75%         3


Dungeon Overview and Level Annotations

Branches:
Dungeon (2/15)

Altars:


Innate Abilities, Weirdness & Mutations

You are a hulking beast.
Your limbs bulge with bestial killing power. (Slay +2)
You have a pair of small antennae on your head.
You regenerate a little health from kills.


Message History

You feel sick. The scorpion misses you.
You closely miss the scorpion.
The scorpion is almost dead.
You feel sick. The scorpion stings you.
You barely miss the scorpion.
The scorpion is almost dead.
You feel sick. The scorpion misses you.
You closely miss the scorpion.
The scorpion is almost dead.
You feel sick.
You are no longer poisoned.
The scorpion stings you. x2
You are poisoned.
The scorpion poisons you!
You hit the scorpion but do no damage.
The scorpion is almost dead.
You feel very sick. The scorpion stings you.
* * * LOW HITPOINT WARNING * * *
You hit the scorpion but do no damage.
The scorpion is almost dead.
* * * LOW HITPOINT WARNING * * *
You feel sick. The scorpion misses you.
You hit the scorpion but do no damage.
The scorpion is almost dead.
* * * LOW HITPOINT WARNING * * *
You feel sick. The scorpion barely misses you.
You barely miss the scorpion.
The scorpion is almost dead.
* * * LOW HITPOINT WARNING * * *
You feel sick. The scorpion barely misses you.
You hit the scorpion.
The scorpion is almost dead.
* * * LOW HITPOINT WARNING * * *
You feel sick. The scorpion misses you.
You completely miss the scorpion.
The scorpion is almost dead.
* * * LOW HITPOINT WARNING * * *
You feel sick. The scorpion stings you.
You die...

#......# ...#.....#†...
#......# ...##....#....
###.s....##...##.........
...............#.........
!...S...........#....#....
........^.........#....#....
.......####.......#....#....
....... #s......#....#....
....... #h......#....#....
#......)#....#....
###.......##........ ######
#......#####......## #....#
#......# #......##
#....####......#####....†...
#.......†...................
####...................###..
#...................# ..


You could see a scorpion.

Vanquished Creatures
  4 adders (D:2)
  5 ball pythons
  5 endoplasms
  5 goblins
  A hobgoblin (D:1)
  A jackal (D:1)
  2 kobolds
  A quokka (D:2)
  2 bats (D:1)
  5 frilled lizards
  6 rats
37 creatures vanquished.

Notes
Turn   | Place    | Note
-------+----------+-------------------------------------------
     0 | D:1      | Gelion the Demonspawn Shapeshifter began the quest for the
                  | Orb.
     0 | D:1      | Reached XP level 1. HP: 16/16 MP: 1/1
   263 | D:1      | Gained mutation: You have a pair of small antennae on your
                  | head. [demonic ancestry]
   263 | D:1      | Reached XP level 2. HP: 18/22 MP: 2/2
   514 | D:1      | Reached skill level 3 in Shapeshifting
   818 | D:2      | Reached XP level 3. HP: 26/28 MP: 3/3
   844 | D:2      | Found the +0 toga "Victory" {*Victory Clar}
  1087 | D:2      | HP: 2/42 [poisoned by an adder]
  1237 | D:2      | Noticed a scorpion
  1265 | D:2      | Gained mutation: You regenerate a little health from kills.
                  | [demonic ancestry]
  1265 | D:2      | Reached XP level 4. HP: 28/34 MP: 4/4
  1333 | D:2      | Slain by a scorpion

Illustrated notes

Levels and vault maps discovered:
D:1:      amcnicky_arrival_double_pillar, layout_loops_ring,
          minmay_misc_feat_pillars, minmay_pentomino_z2
D:2:      layout_basic

Skill      XL: |  1  2 |
---------------+-------+-----
Dodging        | 2 |  2.3
Unarmed Combat | 2 |  2.3
Shapeshifting  | 3 |  3.2
Fighting       | |  2.6

Action                     |  1- 3 |  4- 6 || total
---------------------------+-------+-------++-------
  Melee: Unarmed           |   109 |    22 ||   131
         Punch             |     2 |       ||     2
    Use: Potion            |     3 |       ||     3
         Scroll            |     2 |       ||     2
   Stab: Sleeping          |     1 |       ||     1
 Armour: Animal skin       |     7 |       ||     7
         Robe              |     4 |       ||     4
         Skin              |     3 |       ||     3
  Dodge: Dodged            |    72 |    18 ||    90
         Form:             |     1 |       ||     1
         Beast             |     1 |       ||     1

Table legend: (Time is in decaauts)
 A = Elapsed time spent in this place.
 B = Non-inter-level travel time spent in this place.
 C = Inter-level travel time spent in this place.
 D = Time resting spent in this place.
 E = Time spent auto-exploring this place.
 F = Levels seen in this place.
 G = Mean time per level.
                   A        B        C        D        E       F      G
               +--------+--------+--------+--------+--------+-----+--------+
         Total |   1328 |   1296 |     32 |      0 |   1005 |   2 |  664.0 |
       Dungeon |   1328 |   1296 |     32 |      0 |   1005 |   2 |  664.0 |
               +--------+--------+--------+--------+--------+-----+--------+

Top non-repeatable levels by time:
     D:1: 804 daAuts
     D:2: 523 daAuts
